 Dungeon Crawl Stone Soup version 0.31.0-12-g77e489cdc1 (webtiles) character file.

Game seed: 8597329580330487188

721 kskgo the Poker (level 7, 0/82 HPs)
             Began as a Demonspawn Berserker on Feb 29, 2024.
             Was a Follower of Trog.
             Slain by an iguana (7 damage)
             ... on level 4 of the Dungeon.
             The game lasted 00:10:41 (4122 turns).

kskgo the Poker (Demonspawn Berserker)              Turns: 4122, Time: 00:10:42

Health: 0/82       AC:  3    Str: 19    XL:     7   Next: 43%
Magic:  7/7        EV: 12    Int:  7    God:    Trog [*.....]
Gold:   90         SH:  0    Dex: 13    Spells: 6/6 levels left

rFire   . . .        c - +4 halberd
rCold   . . .        (shield currently unavailable)
rNeg    + . .        g - +0 leather armour
rPois   .            (helmet restricted)
rElec   .            (no cloak)
rCorr   .            (no gloves)
SInv    .            (no boots)
Will    .....        (no amulet) Stlth
                     e - ring of positive energy
HPRegen 0.33/turn    (no ring)
MPRegen 0.10/turn

%: no passive effects
@: berserking, very quick
A: antennae 1, ignite blood 1
a: Renounce Religion, Berserk


You were on level 4 of the Dungeon.
You worshipped Trog.
Trog was aware of your devotion.
You visited 1 branch of the dungeon, and saw 6 of its levels.

You collected 146 gold pieces.
You spent 56 gold pieces at shops.

Inventory:

Hand Weapons
 c - a +4 halberd (weapon)
Missiles
 m - a throwing net
 o - 6 javelins
 p - 2 boomerangs (quivered)
Armour
 f - a +2 ring mail of poison resistance
 g - a +0 leather armour (worn)
Magical Staves
 i - a staff of air
Jewellery
 e - a ring of positive energy (left hand)
Scrolls
 a - a scroll of torment {unknown}
 d - 3 scrolls of identify
 h - a scroll of poison
 j - 3 scrolls of blinking
 r - a scroll of noise
Potions
 b - a potion of curing {unknown}
 q - a potion of mutation


   Skills:
 + Level 4.6 Fighting
 * Level 5.2 Polearms
 + Level 2.1 Ranged Weapons
 + Level 3.3 Armour
 + Level 3.5 Dodging


You had 6 spell levels left.
You didn't know any spells.
Your spell library was empty.

Dungeon Overview and Level Annotations

Branches:
Dungeon (6/15)
 Temple: D:4-7

Altars:
Xom

Shops:
D:2 [([*[

Annotations:
D:4 1 runed translucent door, Crazy Yiuf


Innate Abilities, Weirdness & Mutations

You have a pair of small antennae on your head.
Your demonic aura sometimes causes spilled blood to erupt in flames.


Message History

The iguana is lightly wounded.
The iguana barely misses you. The iguana bites you!
* * * LOW HITPOINT WARNING * * *
You closely miss the iguana.
The iguana is lightly wounded.
The iguana bites you but does no damage.
The iguana attacks as it pursues you! The iguana bites you!
* * * LOW HITPOINT WARNING * * *
A red film seems to cover your vision as you go berserk!
You feel yourself moving faster!
You feel mighty!
You can no longer call upon Trog for regeneration and willpower.
The iguana bites you.
* * * LOW HITPOINT WARNING * * *
You barely miss the iguana.
The iguana is lightly wounded.
The iguana bites you.
* * * LOW HITPOINT WARNING * * *
You hit the iguana.
The iguana is heavily wounded.
You puncture the iguana!
The iguana is almost dead.
The iguana barely misses you.
You barely miss the iguana.
The iguana is almost dead.
The iguana barely misses you.
You barely miss the iguana.
The iguana is almost dead.
The iguana bites you but does no damage.
You closely miss the iguana.
The iguana is almost dead.
The iguana closely misses you.
You barely miss the iguana.
The iguana is almost dead.
You hit the iguana but do no damage.
The iguana is almost dead.
The iguana misses you.
You barely miss the iguana.
The iguana is almost dead.
The iguana bites you!
You die...

#########
#.......#
#l#####.# #@# , #
#.# #.# #.# #.#
#.# #.# #.# #.# ##
#.# #.# #. #.# #.#
#.
#.#.#####.#######.
#.#...............


You could see an iguana.

Vanquished Creatures
  Grinder (D:4)
  An ogre (D:4)
  A kobold brigand (D:5)
  A jelly (D:4)
  A bombardier beetle (D:3)
  A hound (D:4)
  An orc priest (D:4)
  Robin (D:2)
  7 gnolls
  3 adders (D:2)
  4 ribbon worms
  2 dart slugs
  11 orcs
  4 bats
  7 endoplasms
  2 giant cockroaches
  13 goblins
  9 hobgoblins
  7 jackals
  A quokka (D:2)
  6 ball pythons
  5 frilled lizards
  9 kobolds
  A rat (D:3)
99 creatures vanquished.

Notes
Turn   | Place    | Note
-------+----------+-------------------------------------------
     0 | D:1      | kskgo the Demonspawn Berserker began the quest for the Orb.
     0 | D:1      | Reached XP level 1. HP: 18/18 MP: 1/1
   141 | D:1      | Gained mutation: You have a pair of small antennae on your
                  | head. [demonic ancestry]
   141 | D:1      | Reached XP level 2. HP: 20/24 MP: 2/2
   189 | D:1      | Reached skill level 3 in Polearms
   193 | D:1      | Found a faded altar of an unknown god.
   760 | D:2      | Found Gutel's Antique Armour Shoppe.
   805 | D:2      | Reached XP level 3. HP: 29/29 MP: 3/3
   869 | D:2      | Found Roroser's Antique Armour Emporium.
  1208 | D:2      | Found Effi's Assorted Antiques.
  1256 | D:2      | Bought a scroll labelled XUCOERISIP for 28 gold pieces
  1256 | D:2      | Bought a scroll labelled XUCOERISIP for 28 gold pieces
  1349 | D:2      | Reached XP level 4. HP: 36/36 MP: 4/4
  1354 | D:2      | Reached ** piety under Trog
  1786 | D:2      | Noticed Robin
  1788 | D:2      | Found Lyenog's Antique Armour Shoppe.
  1799 | D:2      | Killed Robin
  1912 | D:2      | Found Getydyarey's Antique Weapon Shoppe.
  2149 | D:3      | Gained mutation: Your demonic aura sometimes causes spilled
                  | blood to erupt in flames. [demonic ancestry]
  2149 | D:3      | Reached XP level 5. HP: 42/42 MP: 5/5
  2231 | D:3      | Reached skill level 4 in Polearms
  2253 | D:3      | Found a shimmering altar of Xom.
  2992 | D:4      | Noticed Grinder
  2995 | D:4      | Paralysed by Grinder for 3 turns
  3003 | D:4      | Paralysed by Grinder for 5 turns
  3011 | D:4      | HP: 1/42 [goblin/sling bullet (6)]
  3018 | D:5      | Entered Level 5 of the Dungeon
  3110 | D:6      | Noticed a centaur
  3121 | D:5      | HP: 1/42 [kobold brigand/+0 whip (9)]
  3125 | D:5      | Reached skill level 1 in Ranged Weapons
  3125 | D:5      | Reached XP level 6. HP: 20/48 MP: 6/6
  3138 | D:4      | Paralysed by Grinder for 5 turns
  3173 | D:4      | Killed Grinder
  3373 | D:4      | Found a runed translucent door.
  3374 | D:4      | Noticed Crazy Yiuf
  3437 | D:4      | Reached skill level 5 in Polearms
  3437 | D:4      | Reached XP level 7. HP: 22/55 MP: 7/7
  4122 | D:4      | Slain by an iguana

Illustrated notes

Levels and vault maps discovered:
D:1:      lightli_arrival_farm, layout_basic,
          shapermc_ecumenical_altar_mp_vishouse
D:2:      layout_basic, serial_shops, shop_fountains, nicolae_square_shop,
          nicolae_shop_advertising_works [nicolae_subvault_shop_adworks],
          nicolae_shop_overgrown_old_shop, nicolae_shop_hallway_plus,
          kennysheep_generic_room_13, uniq_robin
D:3:      layout_basic, xom_butterflies
D:4:      layout_basic, dreamdust_gnoll_farm, uniq_crazy_yiuf_cottage,
          uniq_blork_the_orc, uniq_grinder
D:5:      layout_cave_pools, elyvilon_altar_3
D:6:      layout_rooms, grunt_gozag_statues, nicolae_vehumet_radiance,
          minivault_22, minivault_25, kennysheep_opposing_triangles

Skill      XL: |  1  2  3  4  5  6  7 |
---------------+----------------------+-----
Polearms       | 3 4 5 |  5.2
Dodging        | 2 3 |  3.5
Armour         | 2 3 |  3.3
Fighting       | 4 |  4.6
Ranged Weapons | 1 2 |  2.1

Action                     |  1- 3 |  4- 6 |  7- 9 || total
---------------------------+-------+-------+-------++-------
  Melee: Spear             |   107 |   152 |    15 ||   274
         Punch             |     2 |     3 |     1 ||     6
         Halberd           |       |       |    31 ||    31
  Throw: Boomerang         |       |    23 |    17 ||    40
         Javelin           |       |    15 |       ||    15
 Invoke: Berserk           |     4 |     7 |     4 ||    15
         Trog's Hand       |       |     5 |     2 ||     7
    Use: Scroll            |       |     7 |       ||     7
         Potion            |       |     2 |       ||     2
   Stab: Sleeping          |     1 |     3 |       ||     4
 Armour: Animal skin       |     5 |       |       ||     5
         Leather armour    |    33 |    96 |    29 ||   158
  Dodge: Dodged            |    32 |    79 |    25 ||   136
